 Dungeon Crawl Stone Soup version 0.31.0-32-g396128a36d (webtiles) character file.

Game seed: 5528845801078494757

159058 gohu the Warrior (level 17, 0/165 HPs)
             Began as a Minotaur Fighter on Mar 31, 2024.
             Was the Champion of Okawaru.
             Killed by angry trees
             ... awakened by a spriggan druid
              (14 damage)
             ... on level 3 of the Swamp on Apr 1, 2024.
             The game lasted 01:23:35 (29917 turns).

gohu the Warrior (Minotaur Fighter)                Turns: 29917, Time: 01:23:35

Health: 0/165      AC: 29    Str: 37    XL:     17   Next: 15%
Magic:  21/21      EV: 14    Int:  9    God:    Okawaru [******]
Gold:   2383       SH: 15    Dex: 13    Spells: 16/16 levels left

rFire   + + .        y - +5 broad axe "Asesig" {speed, *Rage rPois rF++ rC+ Dex+2}
rCold   + + .        N - +2 kite shield {rN+}
rNeg    + . .        T - +3 chain mail of Toankoce {rPois Dex+2}
rPois   +            V - +0 hat
rElec   .            I - +2 cloak of Weirdness {rC+ Regen+}
rCorr   .            i - +2 pair of gloves
SInv    .            C - +2 pair of boots {Stlth+}
Will    +++..        G - amulet of the acrobat
Stlth   x              - +6 ring of strength
HPRegen 1.27/turn    K - ring "Qeujeten" {Will+ EV+5 Str+3 Stlth-}
MPRegen 0.17/turn

%: random rage (20%), acrobat
@: studying 2 skills
A: horns 2, retaliatory headbutt, clever 1, low MP 1, strong-willed 1
a: Renounce Religion, Heroism, Finesse, Duel


You were on level 3 of the Swamp.
You worshipped Okawaru.
Okawaru was exalted by your worship.
You visited 5 branches of the dungeon, and saw 26 of its levels.
You also visited: Gauntlet.

You collected 3765 gold pieces.
You spent 1382 gold pieces at shops.

Inventory:

Hand Weapons
 w - a +0 broad axe
 y - the +5 broad axe "Asesig" (weapon) {speed, *Rage rPois rF++ rC+ Dex+2}
   (Okawaru gifted it to you on level 13 of the Dungeon)

   Dex+2:     It affects your dexterity (+2).
   rF++:      It greatly protects you from fire.
   rC+:       It protects you from cold.
   rPois:     It protects you from poison *Rage: It berserks you when you make
   melee attacks (+20% chance).
 O - a +3 morningstar
Missiles
 c - 4 silver javelins
 l - 2 throwing nets
 v - 15 javelins
 L - 16 boomerangs (quivered)
Armour
 a - a +0 tower shield
 i - a +2 pair of gloves (worn)
 z - the +1 pair of gloves "Reap" {MP+9}
   (You found it on level 15 of the Dungeon)

   MP+9:      It affects your magic capacity (+9).
 C - a +2 pair of boots of stealth (worn)
 I - the +2 cloak of Weirdness (worn) {rC+ Regen+}
   (You found it on level 11 of the Dungeon)

   rC+:       It protects you from cold.
   Regen+:    It increases your rate of health regeneration.
 N - a +2 kite shield of positive energy (worn)
 T - the +3 chain mail of Toankoce (worn) {rPois Dex+2}
   (You took it off a minotaur in a Gauntlet)

   Dex+2:     It affects your dexterity (+2).
   rPois:     It protects you from poison
 V - a +0 hat (worn)
Jewellery
 b - a ring of resist corrosion
 h - a ring of see invisible
 t - an amulet of regeneration
 x - a +6 ring of strength (left hand)
 G - an amulet of the acrobat (around neck)
 K - the ring "Qeujeten" (right hand) {Will+ EV+5 Str+3 Stlth-}
   (You bought it in a shop on level 2 of the Orcish Mines)

   [ring of evasion]

   EV+5:      It affects your evasion (+5).
   Str+3:     It affects your strength (+3).
   Will+:     It increases your willpower.
   Stlth-:    It makes you less stealthy.
 R - the ring "Kaugiq" {rN+ rCorr}
   (You found it in a Gauntlet)

   [ring of resist corrosion]

   rN+:       It protects you from negative energy.
   rCorr:     It protects you from acid and corrosion.
 S - a +4 ring of protection
Wands
 d - a wand of flame (75)
 s - a wand of digging (7)
 P - a wand of mindburst (3)
 U - a wand of acid (11)
 Z - a wand of roots (10)
Scrolls
 f - 6 scrolls of revelation
 j - a scroll of enchant weapon
 m - 11 scrolls of teleportation
 o - 5 scrolls of fog
 p - 2 scrolls of silence
 q - 7 scrolls of immolation
 A - 2 scrolls of identify
 B - 9 scrolls of blinking
 E - 8 scrolls of fear
 F - 4 scrolls of enchant armour
 W - a scroll of poison
Potions
 e - 3 potions of lignification
 k - 10 potions of heal wounds
 n - a potion of resistance
 r - 12 potions of curing
 u - 6 potions of enlightenment
 D - a potion of invisibility
 H - 5 potions of might
 J - 3 potions of mutation
 M - 6 potions of haste
 Q - a potion of cancellation
 Y - 2 potions of berserk rage
Miscellaneous
 g - a phantom mirror
 X - a phial of floods


   Skills:
 + Level 18.3 Fighting
 + Level 18.1 Axes
 + Level 5.8 Throwing
 + Level 18.2 Armour
 + Level 16.3 Shields
 + Level 10.7 Invocations
 + Level 3.2 Evocations


You had 16 spell levels left.
You didn't know any spells.
Your spell library contained the following spells:

 Spells                   Type           Power      Damage    Failure   Level
 Kiss of Death            Conj/Necr      0%         2d5       73%         1
 Shock                    Conj/Air       0%         1d3       73%         1
 Slow                     Hex            0%         N/A       73%         1
 Blink                    Tloc           0%         N/A       86%         2
 Cigotuvi's Dreadful Rot  Necr/Alch/Air  0%         N/A       86%         2
 Ensorcelled Hibernation  Hex/Ice        0%         N/A       86%         2
 Lesser Beckoning         Tloc           0%         N/A       86%         2
 Mercury Vapours          Alch/Air       0%         N/A       86%         2
 Momentum Strike          Conj/Tloc      0%         3d8       86%         2
 Static Discharge         Conj/Air       0%         3-3/arc   86%         2
 Confusing Touch          Hex            0%         N/A       97%         3
 Dazzling Flash           Conj/Hex       0%         N/A       97%         3
 Gell's Gravitas          Tloc           0%         N/A       97%         3
 Hailstorm                Conj/Ice       0%         3d5       97%         3
 Mephitic Cloud           Conj/Alch/Air  0%         N/A       97%         3
 Passwall                 Erth           0%         N/A       97%         3
 Sigil of Binding         Hex            0%         N/A       97%         3
 Swiftness                Air            0%         N/A       97%         3
 Teleport Other           Tloc           0%         N/A       97%         3
 Vampiric Draining        Necr           0%         2d6       97%         3
 Volatile Blastmotes      Fire/Tloc      0%         2d10      97%         3
 Airstrike                Air            0%         2d(0-16)  100%        4
 Dispel Undead            Necr           0%         3d6       100%        4
 Ignite Poison            Fire/Alch      0%         N/A       100%        4
 Leda's Liquefaction      Alch/Erth      0%         N/A       100%        4
 Sticky Flame             Fire/Alch      0%         2d4       100%        4
 Freezing Cloud           Conj/Ice/Air   0%         6-21      100%        5
 Iskenderun's Battlesphe  Conj           0%         2d6       100%        5
 Lee's Rapid Deconstruct  Erth           0%         3d4*      100%        5
 Bombard                  Conj/Erth      0%         9d1       100%        6
 Starburst                Conj/Fire      0%         6d3       100%        6
 Borgnjor's Revivificati  Necr           0%         N/A       100%        8
 Ignition                 Fire           0%         3d3       100%        8
 Maxwell's Capacitive Co  Air            0%         ∞         100%        8
 Death's Door             Necr           0%         N/A       100%        9
 Summon Ice Beast         Ice/Summ       Unusable   N/A       N/A         3
 Martyr's Knell           Necr/Summ      Unusable   N/A       N/A         4
 Summon Lightning Spire   Summ/Air       Unusable   N/A       N/A         4
 Death Channel            Necr           Unusable   N/A       N/A         6
 Sculpt Simulacrum        Ice/Alch       Unusable   N/A       N/A         6
 Haunt                    Necr/Summ      Unusable   N/A       N/A         7
 Spellforged Servitor     Conj/Summ      Unusable   N/A       N/A         7

Dungeon Overview and Level Annotations

Branches:
Dungeon (15/15)            Temple (1/1) D:7            Lair (5/5) D:11
  Swamp (3/4) Lair:3        Snake (0/4) Lair:2        Slime (0/5) Lair:4
    Orc (2/2) D:9             Elf (0/3) Orc:2        Vaults (0/5) D:13
 Depths (0/4) D:15        Gauntlet (visited)

Altars:
Ashenzari
Cheibriados
Dithmenos
Elyvilon
Fedhas
Gozag
Hepliaklqana
Kikubaaqudgha
Makhleb
Nemelex Xobeh
Okawaru
Qazlal
Ru
Sif Muna
Trog
Uskayaw
Vehumet
Wu Jian
Xom
Yredelemnul
Zin
The Shining One

Shops:
D:1 ?   D:8 ?   D:12 :   Orc:1 ?   Orc:2 ([*=

Annotations:
D:4 3 runed translucent doors, Frank's ghost, novice OpFi
D:10 exclusions: obsidian statue and orange crystal statue
Lair:1 exclusion: oklob plant
Swamp:2 2 runed translucent doors, 2 transporters, swinepaste's ghost, journeyman DsMo


Innate Abilities, Weirdness & Mutations

You have a pair of horns on your head.
You reflexively headbutt those who attack you in melee.
Your mind is acute. (Int +4, Str/Dex -1)
Your magical capacity is low. (-10% MP)
You are strong-willed. (Will+)


Message History

The alligator completely misses you. You block the alligator's attack.
The death drake attacks as it pursues you!
You block the death drake's attack.
Roots burst forth from the earth!
The grasping roots grab you! The grasping roots constrict you!!
You block the alligator's attack. The alligator bites you!
* * * LOW HITPOINT WARNING * * *
The spriggan rider hits you but does no damage.
The death drake closely misses you. You furiously retaliate!
You headbutt the death drake!
The roots grasp on you weakens, but your attempt to escape fails.
A root smacks you from below!
* * * LOW HITPOINT WARNING * * *
You block the spriggan rider's attack.
The alligator tail-slaps you but does no damage.
The alligator bites you but does no damage.
The alligator misses you.
The alligator bites you but does no damage.
The spriggan rider hits you from afar with a +0 spear.
* * * LOW HITPOINT WARNING * * *
The grasping roots constrict you.
A spriggan comes into view. It is wielding a +0 short sword.
The death drake bites you but does no damage.
You escape the roots grasp.
You are waved at by a branch.
The alligator tail-slaps you!
* * * LOW HITPOINT WARNING * * *
You block the alligator's attack.
The spriggan rider attacks as it pursues you!
You block the spriggan rider's attack.
The spriggan rider hits you but does no damage.
A root smacks you from below!
* * * LOW HITPOINT WARNING * * *
You block the spriggan rider's attack. You block the alligator's attack.
The alligator bites you but does no damage.
The alligator tail-slaps you.
* * * LOW HITPOINT WARNING * * *
The alligator completely misses you.
There is a stone staircase leading up here.
A root smacks you from below!
You die...

.....~~~~§~~~§..♣♣
.~~~......~~~.♣♣♣
§~~~...♣.†~~~♣♣
♣~~~...♣♣~i♣♣♣
♣♣§~~...♣.D.♣
~~~~~..~~~ii♣♣
.~~§~~~†§iik~♣
♣.~~~~~)~ll♣♣
♣♣~~.~.§§~@~♣
♣♣...i.~§†.~♣
♣~.~~.f~.~♣♣♣
♣..♣♣~..♣♣♣ ~~♣♣
♣♣♣♣♣ ~


You could see a shambling mangrove, a death drake, a swamp dragon, 2 alligators,
3 spriggan riders, a spriggan druid and 2 spriggans.

Vanquished Creatures
  A bone dragon (D:15)
  Gastronok (D:11)
  Frances (D:12)
  Louise (Swamp:1)
  An orc warlord (Orc:1)
  An eleionoma (Swamp:2)
  A minotaur (Gauntlet)
  A bunyip (Swamp:3)
  The ghost of boogee100 the Geomancer, a journeyman GrEE of Vehumet (Lair:1)
  4 dire elephants
  The ghost of Cuillere the Severer, a journeyman MiFi of Okawaru (D:11)
  2 ettins
  A fire dragon (D:12)
  4 vault guards (D:13)
  A great orb of eyes (D:15)
  An ice dragon (D:15)
  A sphinx zombie (D:15)
  The ghost of xight the Thaumaturge, a journeyman DEFE of Vehumet (D:15)
  4 hydras
  6 alligators
  3 ogre magi (D:15)
  15 two-headed ogres
  7 centaur warriors
  A catoblepas (Lair:1)
  6 boulder beetles
  6 ghost crabs (Swamp:1)
  6 tengu warriors
  7 death yaks
  4 orc high priests (Orc:2)
  An occultist (D:15)
  2 skeletal warriors
  5 spriggans
  A fire crab (Gauntlet)
  6 goliath frogs (Swamp:1)
  A spectral anaconda (Lair:5)
  5 spriggan druids (Swamp:1)
  Pikel (D:7)
  An arcanist (D:13)
  4 wolf spider zombies (D:15)
  An obsidian statue (Lair:5)
  2 bog bodies
  4 orc knights
  A harpy (D:15)
  3 deep elf pyromancers
  3 necromancers (Lair:5)
  9 deep elf zephyrmancers
  9 ugly things
  4 orc sorcerers (Orc:1)
  2 wolf spiders (D:15)
  12 cyclopes
  A moth of wrath (D:15)
  A salamander (Lair:2)
  11 manticores
  5 elephants
  A dire elephant zombie (Lair:5)
  3 centaur zombies (D:15)
  5 apocalypse crabs (Swamp:1)
  5 black mambas
  4 kobold blastminers
  A torpor snail (Lair:1)
  14 cane toads
  9 centaur skeletons (D:15)
  2 gargoyles (D:12)
  3 unseen horrors
  Maggie (D:7)
  A kobold demonologist (D:12)
  A rime drake (shapeshifter) (D:13)
  A freezing wraith (D:11)
  6 komodo dragons
  2 yaktaurs (D:15)
  2 rime drakes
  2 tengu conjurers (Gauntlet)
  Psyche (D:9)
  3 polar bears
  3 tyrant leeches
  12 trolls
  6 hornets
  A hornet (shapeshifter) (D:14)
  A troll (shapeshifter) (D:13)
  17 blink frogs
  A meliai zombie (D:15)
  A spectral elephant (Lair:5)
  3 centaur simulacra
  5 slime creatures (D:12)
  Eustachio (D:5)
  Sigmund (D:6)
  3 wraiths
  4 wyverns
  5 water elementals
  55 yaks
  5 basilisks
  Grum (D:9)
  A shadow (D:11)
  4 fire bats (Gauntlet)
  5 steam dragons
  A neqoxec (Gauntlet)
  3 wargs
  2 chaos spawn (Gauntlet)
  2 death yak simulacra (Lair:5)
  18 vampire mosquitoes
  Edmund (D:5)
  A spectral cane toad (Lair:5)
  5 acid dragons
  9 swamp worms
  2 hell hounds (Gauntlet)
  Duvessa (D:4)
  17 water moccasins
  5 black bears
  42 orc warriors
  A hornet zombie (D:15)
  2 laughing skulls (D:14)
  A sky beast (D:8)
  13 ogres
  18 wolves
  An elephant skeleton (Lair:5)
  2 phantoms (D:6)
  7 centaurs
  4 lemures (D:7)
  A kobold brigand (D:9)
  10 bullfrogs
  3 gnoll sergeants
  A scorpion (D:7)
  10 wights
  An elephant simulacrum (Lair:5)
  Dowan (D:4)
  6 killer bees (D:10)
  3 howler monkeys
  5 electric eels
  A bombardier beetle (D:6)
  3 lava snakes (Lair:2)
  3 hounds
  21 orc priests
  5 iguanas
  A boggart zombie (D:15)
  25 orc wizards
  14 gnolls
  6 adders
  A shadow imp (D:4)
  A white imp (D:6)
  2 ufetubi (D:7)
  3 dart slugs
  4 ribbon worms
  62 orcs
  11 ball pythons
  7 bats
  5 endoplasms
  4 giant cockroaches
  12 hobgoblins
  15 jackals
  5 quokkas
  5 frilled lizards
  6 goblins
  7 kobolds
  12 rats
827 creatures vanquished.

Vanquished Creatures (others)
  A centaur (Lair:3)
  A howler monkey (D:12)
  3 orc wizards (Orc:2)
  An orc (Orc:2)
6 creatures vanquished.

Grand Total: 833 creatures vanquished

Notes
Turn   | Place    | Note
-------+----------+-------------------------------------------
     0 | D:1      | gohu the Minotaur Fighter began the quest for the Orb.
     0 | D:1      | Reached XP level 1. HP: 19/19 MP: 0/0
    36 | D:1      | Reached XP level 2. HP: 27/27 MP: 1/1
   171 | D:1      | Found Moxis's Magic Scroll Shop.
   301 | D:1      | Reached XP level 3. HP: 33/33 MP: 2/2
  1391 | D:2      | Reached XP level 4. HP: 40/40 MP: 3/3
  2399 | D:3      | Reached XP level 5. HP: 45/47 MP: 4/4
  2459 | D:3      | Noticed a water moccasin
  2473 | D:3      | Killed a water moccasin
  2474 | D:3      | Reached skill level 5 in Axes
  2740 | D:3      | Noticed a moth of wrath
  2743 | D:3      | Found a bloodstained altar of Trog.
  3114 | D:4      | Noticed Frank's ghost (novice OpFi)
  3130 | D:4      | Found a runed translucent gate.
  3130 | D:4      | Found a runed translucent gate.
  3132 | D:4      | Found a runed translucent gate.
  3139 | D:4      | Found a white marble altar of Elyvilon.
  3305 | D:4      | Reached XP level 6. HP: 52/55 MP: 5/5
  3534 | D:4      | Noticed Dowan
  3534 | D:4      | Noticed Duvessa
  3880 | D:1      | Bought a scroll of blinking for 90 gold pieces
  3880 | D:1      | Bought a scroll of teleportation for 36 gold pieces
  3880 | D:1      | Bought a scroll of identify for 24 gold pieces
  4098 | D:5      | Entered Level 5 of the Dungeon
  4098 | D:5      | Noticed Eustachio
  4108 | D:5      | Found a basalt altar of Yredelemnul.
  4113 | D:4      | Reached skill level 5 in Fighting
  4197 | D:5      | Reached skill level 5 in Armour
  4197 | D:5      | Reached skill level 5 in Shields
  4336 | D:5      | Killed Eustachio
  4337 | D:5      | Reached XP level 7. HP: 44/61 MP: 6/6
  4478 | D:5      | Noticed Edmund
  4483 | D:5      | Killed Edmund
  4562 | D:5      | Identified the +8 short sword of the Summoning Gods {elec,
                  | Int+3 Stlth+}
  4933 | D:6      | Noticed Sigmund
  4943 | D:6      | Killed Sigmund
  4961 | D:6      | Found a sacrificial altar of Ru.
  5076 | D:6      | Reached XP level 8. HP: 65/70 MP: 7/7
  5181 | D:6      | Found an iron altar of Okawaru.
  5191 | D:6      | Became a worshipper of Warmaster Okawaru
  5312 | D:6      | Found a glowing golden altar of the Shining One.
  5805 | D:7      | Noticed Maggie
  5819 | D:7      | Killed Maggie
  5819 | D:7      | Reached * piety under Okawaru
  5831 | D:7      | Reached skill level 10 in Axes
  5836 | D:7      | Reached XP level 9. HP: 36/79 MP: 8/8
  5981 | D:7      | Found a shimmering altar of Xom.
  6321 | D:7      | Found the +9 sword of Power {lifebolt}
  6388 | D:7      | Noticed Pikel
  6400 | D:7      | Killed Pikel
  6587 | D:7      | Found a staircase to the Ecumenical Temple.
  6596 | Temple   | Entered the Ecumenical Temple
  7079 | D:4      | Killed Dowan
  7091 | D:4      | Killed Duvessa
  7146 | D:1      | Bought a scroll of teleportation for 36 gold pieces
  7146 | D:1      | Bought a scroll of fear for 48 gold pieces
  7146 | D:1      | Bought a scroll of enchant armour for 90 gold pieces
  7259 | D:8      | Reached ** piety under Okawaru
  7296 | D:8      | Reached XP level 10. HP: 91/91 MP: 9/9
  8232 | D:8      | Reached skill level 15 in Axes
  8354 | D:8      | Found The Oracle's Delphic Readings.
  8358 | D:8      | Bought a scroll of identify for 26 gold pieces
  8358 | D:8      | Bought a scroll of identify for 26 gold pieces
  8358 | D:8      | Bought a scroll of enchant armour for 97 gold pieces
  8358 | D:8      | Bought a scroll of identify for 26 gold pieces
  8480 | D:9      | Found a shadowy altar of Dithmenos.
  8496 | D:9      | Found a glowing silver altar of Zin.
  8585 | D:9      | Noticed Psyche
  8597 | D:9      | Killed Psyche
  8600 | D:9      | Noticed Grum
  8615 | D:9      | Reached skill level 1 in Throwing
  8621 | D:9      | Killed Grum
  8622 | D:9      | Reached skill level 1 in Invocations
  8722 | D:9      | Reached XP level 11. HP: 94/97 MP: 10/10
  8987 | D:9      | Found a radiant altar of Vehumet.
  9024 | D:9      | Found a staircase to the Orcish Mines.
  9653 | D:10     | Entered Level 10 of the Dungeon
  9671 | D:10     | Found a broken altar of Ashenzari.
 10182 | D:10     | Noticed an orange crystal statue
 10182 | D:10     | Noticed an obsidian statue
 10474 | D:10     | Found a snail-covered altar of Cheibriados.
 10859 | D:11     | Reached *** piety under Okawaru
 10925 | D:11     | Found a gate leading to a gauntlet.
 10968 | Gauntlet | Entered a Gauntlet
 10968 | Gauntlet | Found a transporter.
 10968 | Gauntlet | Found a runed translucent door.
 10968 | Gauntlet | Found a transporter.
 10968 | Gauntlet | Found a transporter.
 10968 | Gauntlet | Found a runed translucent door.
 10990 | Gauntlet | Found a transporter.
 11000 | Gauntlet | Found a transporter.
 11003 | Gauntlet | Found a transporter.
 11008 | Gauntlet | Noticed a death yak
 11009 | Gauntlet | Noticed a death yak
 11010 | Gauntlet | Noticed a death yak
 11018 | Gauntlet | Found a transporter.
 11037 | Gauntlet | Found a transporter.
 11038 | Gauntlet | Noticed a fire crab
 11051 | Gauntlet | Found a transporter.
 11054 | Gauntlet | Found a transporter.
 11066 | Gauntlet | Found a transporter.
 11069 | Gauntlet | Found a transporter.
 11070 | Gauntlet | Noticed a tengu warrior
 11166 | Gauntlet | Killed a tengu warrior
 11171 | Gauntlet | Reached skill level 10 in Fighting
 11173 | Gauntlet | Reached skill level 10 in Armour
 11476 | Gauntlet | Reached skill level 10 in Shields
 11487 | Gauntlet | Killed a fire crab
 11493 | Gauntlet | Reached **** piety under Okawaru
 11499 | Gauntlet | Identified the ring "Kaugiq" {rN+ rCorr}
 11578 | Gauntlet | Identified the +3 chain mail of Toankoce {rPois Dex+2}
 11578 | Gauntlet | Identified the ring "Wycup" {rPois rN+ Str-4 SInv}
 11578 | Gauntlet | Noticed a minotaur
 11590 | Gauntlet | Killed a minotaur
 11892 | D:11     | Reached XP level 12. HP: 77/107 MP: 13/13
 11990 | D:11     | Noticed Gastronok
 12024 | D:11     | Killed Gastronok
 12166 | D:11     | Found a runed translucent gate.
 12166 | D:11     | Found a runed translucent gate.
 12166 | D:11     | Found a runed translucent gate.
 12170 | D:11     | Noticed Cuillere's ghost (journeyman MiFi)
 12301 | D:11     | Noticed a tengu warrior
 12301 | D:11     | Noticed a tengu warrior
 12312 | D:11     | Killed a tengu warrior
 12324 | D:11     | Killed a tengu warrior
 12616 | D:11     | Noticed a two-headed ogre
 12629 | D:11     | Killed a two-headed ogre
 12892 | D:11     | Reached skill level 5 in Throwing
 12962 | D:11     | Found a staircase to the Lair.
 12983 | D:11     | Noticed a two-headed ogre
 12998 | D:11     | Killed a two-headed ogre
 12999 | D:11     | Reached skill level 5 in Invocations
 13040 | D:11     | Noticed a two-headed ogre
 13048 | D:11     | Killed a two-headed ogre
 13380 | Lair:1   | Entered Level 1 of the Lair of Beasts
 13896 | Lair:1   | Noticed a catoblepas
 13919 | Lair:1   | Killed a catoblepas
 13919 | Lair:1   | Reached ***** piety under Okawaru
 14128 | Lair:1   | Noticed a death yak
 14138 | Lair:1   | Killed a death yak
 14138 | Lair:1   | Received a gift from Okawaru
 14375 | Lair:1   | Found a runed translucent door.
 14380 | Lair:1   | Noticed boogee100's ghost (journeyman GrEE)
 14835 | Lair:2   | Reached XP level 13. HP: 117/117 MP: 13/16
 15309 | Lair:2   | Found a staircase to the Snake Pit.
 16069 | Lair:2   | Received a gift from Okawaru
 17102 | Lair:3   | Found a staircase to the Swamp.
 17120 | Lair:3   | Received a gift from Okawaru
 17361 | Lair:3   | Found a shadowy altar of Dithmenos.
 18454 | Lair:4   | Found a staircase to the Slime Pits.
 18531 | Lair:5   | Entered Level 5 of the Lair of Beasts
 18786 | Lair:5   | Noticed a dire elephant
 18786 | Lair:5   | Noticed a dire elephant
 18787 | Lair:5   | Noticed a dire elephant
 18868 | Lair:4   | Reached XP level 14. HP: 126/129 MP: 19/19
 18974 | Lair:5   | Received a gift from Okawaru
 19691 | Lair:5   | Identified the +10 flail of Lyes {venom, Stlth+}
 20142 | Lair:5   | Identified the +4 battleaxe "Apypt" {flame, rN+ Int+3}
 20451 | Lair:1   | Killed boogee100's ghost
 20690 | D:11     | Killed Cuillere's ghost
 20743 | D:11     | Identified the +2 cloak of Weirdness {rC+ Regen+}
 20885 | D:12     | Noticed Frances
 20903 | D:12     | Killed Frances
 21140 | D:12     | Identified the +3 arbalest of Stickiness {flame, Str+4}
 21454 | D:12     | Reached skill level 10 in Invocations
 21525 | D:12     | Reached skill level 15 in Fighting
 21729 | D:12     | Reached skill level 15 in Armour
 21860 | D:12     | Reached XP level 15. HP: 141/141 MP: 21/21
 22001 | D:12     | Received a gift from Okawaru
 22332 | D:12     | Found Miar's Book Emporium.
 22673 | Orc:1    | Entered Level 1 of the Orcish Mines
 23648 | Orc:2    | Entered Level 2 of the Orcish Mines
 23686 | Orc:2    | Gained mutation: You are vulnerable to heat. (rF-) [a
                  | neqoxec]
 23717 | Orc:1    | Lost mutation: You are vulnerable to heat. (rF-) [potion of
                  | mutation]
 23717 | Orc:1    | Gained mutation: Armour fits poorly on your strangely
                  | shaped body. [potion of mutation]
 23717 | Orc:1    | Gained mutation: You passively dampen the noise of your
                  | surroundings. [potion of mutation]
 23717 | Orc:1    | Gained mutation: You are somewhat resistant to further
                  | mutation. [potion of mutation]
 23718 | Orc:1    | Lost mutation: You are somewhat resistant to further
                  | mutation. [potion of mutation]
 23718 | Orc:1    | Lost mutation: Armour fits poorly on your strangely shaped
                  | body. [potion of mutation]
 23718 | Orc:1    | Gained mutation: Armour fits poorly on your strangely
                  | shaped body. [potion of mutation]
 23718 | Orc:1    | Gained mutation: You are strong-willed. (Will+) [potion of
                  | mutation]
 23719 | Orc:1    | Lost mutation: Armour fits poorly on your strangely shaped
                  | body. [potion of mutation]
 23719 | Orc:1    | Lost mutation: You passively dampen the noise of your
                  | surroundings. [potion of mutation]
 23719 | Orc:1    | Gained mutation: Your magical capacity is low. (-10% MP)
                  | [potion of mutation]
 23719 | Orc:1    | Gained mutation: Your mind is acute. (Int +4, Str/Dex -1)
                  | [potion of mutation]
 23918 | Orc:1    | Paralysed by an orc sorcerer for 4 turns
 24178 | Orc:2    | Found Zuulorch's Antique Armour Emporium.
 24179 | Orc:2    | Found Paechism's Antique Weapon Emporium.
 24181 | Orc:2    | Found Firch's General Store.
 24181 | Orc:2    | Found Qyros's Jewellery Shoppe.
 24186 | Orc:2    | Bought a potion of curing for 36 gold pieces
 24187 | Orc:2    | Bought the ring "Qeujeten" {Will+ EV+5 Str+3 Stlth-} for
                  | 749 gold pieces
 24411 | Orc:2    | Found a staircase to the Elven Halls.
 24983 | Orc:1    | Received a gift from Okawaru
 25033 | Orc:1    | Found Rulustro's Magic Scroll Boutique.
 25038 | Orc:1    | Bought a scroll of fear for 56 gold pieces
 25038 | Orc:1    | Bought a scroll of teleportation for 42 gold pieces
 25268 | D:13     | Found a gate to the Vaults.
 25756 | D:13     | Reached ****** piety under Okawaru
 25757 | D:13     | Acquired the +5 broad axe "Asesig" {speed, *Rage rPois rF++
                  | rC+ Dex+2}
 25757 | D:13     | Received a gift from Okawaru
 25849 | D:13     | Acquired the +0 buckler "Yfusoad" {rN++ MP-9 Int+8 Slay-5}
 25849 | D:13     | Received a gift from Okawaru
 26075 | D:14     | Received a gift from Okawaru
 26140 | D:14     | Reached XP level 16. HP: 151/153 MP: 20/20
 26553 | D:15     | Entered Level 15 of the Dungeon
 26760 | D:15     | Reached skill level 15 in Shields
 26761 | D:15     | Found the +9 sword of Zonguldrok {reap}
 26761 | D:15     | Noticed a bone dragon
 26783 | D:15     | Killed a bone dragon
 26788 | D:15     | Received a gift from Okawaru
 26937 | D:15     | Found a transporter.
 26975 | D:15     | Found a transporter.
 26975 | D:15     | Noticed xight's ghost (journeyman DEFE)
 27243 | D:15     | Killed xight's ghost
 27251 | D:15     | Identified the +1 pair of gloves "Reap" {MP+9}
 27699 | D:15     | Found a staircase to the Depths.
 28059 | Swamp:1  | Entered Level 1 of the Swamp
 28074 | Swamp:1  | Received a gift from Okawaru
 28075 | Swamp:1  | Reached skill level 1 in Evocations
 28089 | Swamp:1  | Noticed Louise
 28114 | Swamp:1  | Killed Louise
 28226 | Swamp:1  | Identified the +9 flail of the Old World {flame, Stlth+}
 28440 | Swamp:1  | Found a runed translucent door.
 28948 | Swamp:1  | Reached XP level 17. HP: 165/165 MP: 21/21
 28955 | Swamp:1  | Paralysed by you for 1 turns
 29158 | Swamp:2  | Found an opulent altar of Gozag.
 29223 | Swamp:2  | Found a large runed translucent door.
 29224 | Swamp:2  | Found a large runed translucent door.
 29330 | Swamp:2  | Found a transporter.
 29364 | Swamp:2  | Received a gift from Okawaru
 29392 | Swamp:2  | Found a transporter.
 29562 | Swamp:2  | Noticed swinepaste's ghost (journeyman DsMo)
 29917 | Swamp:3  | Killed from afar by a spriggan druid

Illustrated notes

Levels and vault maps discovered:
D:1:      dpeg_arrival_shrine, layout_basic, serial_shops, shop
D:2:      layout_basic
D:3:      layout_loops_ring, tgw_trog, nicolae_houndstooth_variations
D:4:      layout_gridville, elyvilon_altar_1, gammafunk_ghost_split,
          uniq_duvessa
D:5:      minmay_general_purpose_star, layout_rooms,
          mainiacjoe_overflow_small_starburst, uniq_eustachio, uniq_edmund
D:6:      layout_basic, overflow_temple_1_default, mainiacjoe_overflow_alcove_4,
          mainiacjoe_overflow_catwalk, chequers_garden, uniq_sigmund
D:7:      layout_basic, old_standard_altar, lemuel_temple_firewalk_b,
          minmay_gold_behind_fungi, uniq_maggie, uniq_pikel
D:8:      layout_cave_pods, minmay_misc_feat_tower, nicolae_nh_oracle_at_delphi
D:9:      layout_cross, zin_scriptorium, old_standard_altar,
          nicolae_dithmenos_the_darkroom,
          kennysheep_orc_monster_closet_entryway, serial_co_window_serial,
          co_window_paths_a, co_window_paths_a, co_window_corner_a,
          co_window_corner_a, co_window_of_opportunity_a, co_window_paths_c,
          co_window_of_opportunity_c, co_window_corner_b, co_window_sun,
          co_window_paths_d, glass_columns_a, glass_columns_b, glass_columns_c,
          glass_columns_a, glass_columns_b, uniq_psyche, uniq_grum
D:10:     layout_gridville, evilmike_ruin_ashenzari, cheibrodos_worm_habitat,
          statue_in_the_mist_lemuel, david_greed
D:11:     layout_roguey, david_lair_generic, gauntlet_entry_generic,
          biasface_ghost_orc_armoury, uniq_gastronok
D:12:     minmay_the_grid_square_5x5_5x5
          [minmay_the_grid_square_5x5_intrusive_squares,
          minmay_the_grid_square_5x5_two_walls_a,
          minmay_the_grid_square_5x5_detours, minmay_the_grid_square_5x5_bite,
          minmay_the_grid_square_5x5_n_small, minmay_the_grid_square_5x5_bridge,
          minmay_the_grid_square_5x5_prize_open,
          minmay_the_grid_square_5x5_corner,
          minmay_the_grid_square_5x5_prize_monsterx,
          minmay_the_grid_square_5x5_c, minmay_the_grid_square_5x5_checkered,
          minmay_the_grid_square_5x5_tetrominoes,
          minmay_the_grid_square_5x5_prize_rear_guard,
          minmay_the_grid_square_5x5_inset,
          minmay_the_grid_square_5x5_almost_minimal,
          minmay_the_grid_square_5x5_trominoes,
          minmay_the_grid_square_5x5_prize_waves,
          minmay_the_grid_square_5x5_six_small,
          minmay_the_grid_square_5x5_prize_gold,
          minmay_the_grid_square_5x5_three_walls,
          minmay_the_grid_square_5x5_bracketed, minmay_the_grid_square_5x5_mess,
          minmay_the_grid_square_5x5_two_small,
          minmay_the_grid_square_5x5_doubleslash, minmay_the_grid_square_5x5_n],
          layout_basic, serial_shops, shop, grunt_ministairs_8,
          water_boxes_lemuel, uniq_frances
D:13:     layout_irregular_city, lightli_vaults_fourway_checkpoint,
          chequers_serial_rivers_micro_e
D:14:     layout_long_grid, chequers_serial_rivers_small_b
D:15:     hangedman_depths_entry_try_elsewhere_first, layout_basic,
          gammafunk_ghost_berserking_beasts, reono_crystal_passage,
          minmay_guarded_unrand_zonguldrok
Temple:   hellmonk_temple_micro_hex
Lair:1:   layout_regular_city, ebering_ghost_reflecting_pool,
          infiniplex_staircase_pool, grunt_megastairs_3
Lair:2:   layout_loops_ring, nicolae_snake_entry_warm_welcome,
          lemuel_fruit_tree, grunt_megastairs_5
Lair:3:   layout_chaotic_city, nicolae_swamp_entry_splash_gauntlet,
          chequers_serial_rivers_micro_c, st_stairs_9, lemuel_centaur_altar,
          grunt_megastairs_2
Lair:4:   layout_misc_corridors, dpeg_slime_entry_enclosed
Lair:5:   due_jungle_book, layout_big_grid
Swamp:1:  gammafunk_mikee_crab_dinner, layout_basic_swamp,
          evilmike_swamp_ruin_house_1, uniq_louise
Swamp:2:  gammafunk_worm_tunnel, layout_falls_marsh,
          ebering_ghost_disaster_area, lemuel_altar_in_water, swamp_pool_4,
          nicolae_swamp_decorative_isthmus
Swamp:3:  layout_basic_swamp, nicolae_swamp_fairy_circle
Orc:1:    layout_diamond_mine, serial_shops, shop, elves_outpost_lemuel
Orc:2:    st_orc_congregation, layout_caves, basic_altar

Skill      XL: |  1  2  3  4  5  6  7  8  9 10 11 12 13 14 15 16 17 |
---------------+----------------------------------------------------+-----
Axes           | 3 4 5 6 7 10 14 15 16 17 18 | 18.1
Fighting       | 4 5 6 7 9 10 11 13 15 16 18 | 18.3
Shields        | 4 5 6 9 10 11 13 14 16 | 16.3
Armour         | 4 5 6 9 10 11 13 15 16 18 | 18.2
Throwing       | 1 4 5 |  5.8
Invocations    | 1 3 6 8 10 | 10.7
Evocations     | 2 3 |  3.2

Action                     |  1- 3 |  4- 6 |  7- 9 | 10-12 | 13-15 | 16-18 || total
---------------------------+-------+-------+-------+-------+-------+-------++-------
  Melee: War axe           |    99 |   149 |   162 |   483 |  1083 |       ||  1976
         Headbutt          |     8 |    14 |    27 |    90 |   383 |   106 ||   628
         Morningstar       |       |       |       |       |     3 |     4 ||     7
         Broad axe         |       |       |       |       |   350 |   423 ||   773
  Throw: Javelin           |       |       |     7 |     4 |     6 |     5 ||    22
         Boomerang         |       |       |       |    31 |    29 |    42 ||   102
 Invoke: Heroism           |       |       |     2 |    18 |    22 |     3 ||    45
         Finesse           |       |       |       |     1 |     7 |     2 ||    10
         Receive Weapon    |       |       |       |       |     1 |       ||     1
         Receive Armour    |       |       |       |       |     1 |       ||     1
  Evoke: Wand              |       |       |       |     5 |     1 |       ||     6
    Use: Potion            |       |     2 |     2 |     1 |     4 |     1 ||    10
         Scroll            |       |     7 |     1 |     7 |    10 |     5 ||    30
 Armour: Scale mail        |    27 |       |       |       |       |       ||    27
         Chain mail        |    22 |   119 |    91 |   387 |   778 |   294 ||  1691
  Dodge: Dodged            |    51 |    68 |    61 |   206 |   550 |   178 ||  1114
  Block: Buckler           |    21 |    35 |    29 |   152 |   334 |       ||   571
         Tower shield      |       |       |       |       |   303 |   156 ||   459
         Kite shield       |       |       |       |       |       |   202 ||   202
